 Seeded DCSS version 0.30.1-4-g462c640d31 (webtiles) character file.

Game seed: 16653573533833982129 (custom seed)

0 Psyclone the Stinger (level 1, 0/11 HPs)
             Began as an Octopode Venom Mage on Sept 18, 2023.
             Slain by a jackal (2 damage)
             ... on level 1 of the Dungeon.
             The game lasted 00:00:21 (60 turns).

Psyclone the Stinger (Octopode Venom Mage)            Turns: 60, Time: 00:00:22

Health: 0/11       AC:  1    Str:  7    XL:     1   Next: 10%
Magic:  3/3        EV: 13    Int: 17    God:
Gold:   0          SH:  0    Dex: 12    Spells: 3/4 levels left

rFire   . . .        d - +0 mace
rCold   . . .        (no shield)
rNeg    . . .        (helmet restricted)
rPois   .            (no amulet)
rElec   .            (no ring)
rCorr   .            (no ring)
SInv    .            (no ring)
Will    .....        (no ring)
Stlth   +++          (no ring)
HPRegen 0.21/turn    (no ring)
MPRegen 0.08/turn    (no ring)
                     (no ring)

%: no passive effects
@: no status effects
A: almost no armour, amphibious, 8 rings, camouflage 1, gelatinous body 1,
(nimble swimmer 1), tentacles
a: no special abilities


You were on level 1 of the Dungeon.
You visited 1 branch of the dungeon, and saw 1 of its levels.

Inventory:

Hand Weapons
 d - a +0 mace (weapon)
Scrolls
 b - a scroll of butterflies {unknown}
Potions
 a - a potion of magic
 c - a potion of ambrosia {unknown}
 e - a potion of attraction {unknown}


   Skills:
 - Level 2.0 Dodging
 - Level 2.6 Stealth
 - Level 2.0 Spellcasting
 - Level 1.0 Transmutations
 + Level 3.7 Poison Magic


You had 3 spell levels left.
You knew the following spells:

 Your Spells              Type           Power      Damage    Failure   Level
a - Sting                 Tmut/Pois      36%        1d4       8%          1

Your spell library contained the following spells:

 Spells                   Type           Power      Damage    Failure   Level
 Poisonous Vapours        Pois/Air       14%        N/A       14%         2
 Mephitic Cloud           Conj/Pois/Air  5%         N/A       34%         3
 Olgreb's Toxic Radiance  Pois           14%        N/A       38%         4


Dungeon Overview and Level Annotations

Branches:
Dungeon (1/15) Zot: 5938

Altars:


Innate Abilities, Weirdness & Mutations

You cannot wear most types of armour.
You are amphibious.
You can wear up to eight rings at the same time.
Your skin changes colour to match your surroundings (Stealth+).
Your rubbery body absorbs attacks. (AC +1, EV +1)
((You are camouflaged when in or above water. (Stealth+)))
You have tentacles for arms and can constrict up to eight enemies at once.


Message History

You now have 2/3 mp.
Found a coppery potion.
b - a scroll labelled OFE COENEARHAC You see here a rat corpse.
c - a coppery potion
Found a mace.
MP restored: 3
Found a cyan potion.
You see here a +0 mace.
d - a +0 mace
d - a +0 mace (weapon)
e - a cyan potion
Found 7 gold pieces.
A jackal comes into view.
A hobgoblin comes into view.
Found a scroll labelled NAUGYA MENA.
Found a stone staircase leading down.
The jackal barks!
A jackal comes into view.
The jackal moves out of view.
A jackal comes into view.
The jackal bites you.
You take 1 damage, and have 10/11 hp.
The jackal barks!
You hit the jackal but do no damage. Your grab misses the jackal.
You hear a shout!
The jackal bites you. x2
You take 4 damage, and have 6/11 hp.
MASSIVE DAMAGE!!
You closely miss the jackal. You grab the jackal.
Your squeeze misses the jackal. You constrict the jackal.
The jackal escapes!
The jackal barely misses you. The jackal closely misses you.
You hit the jackal but do no damage. You grab the jackal.
You constrict the jackal, but do no damage.
A jackal comes into view.
The jackal bites you but does no damage.
The jackal bites you.
* * * LOW HITPOINT WARNING * * *
The jackal bites you.
* * * LOW HITPOINT WARNING * * *
The jackal bites you.
You die...

#.g... ....>.
#..#.# #..#?#
#..#.# #$.#.# ##
######..#h# ..
...h...hh@# #.#
###.#..#####..
##.## ##
#.#........#
..... .
#.#.######.# #
#.# #.#.#.## #
#.# #.#....# #
#.# #......# #
#.# #.#....#
###.#####.#.####


You could see 4 jackals.

Vanquished Creatures
  A rat (D:1)
1 creature vanquished.

Notes
Turn   | Place    | Note
-------+----------+-------------------------------------------
     0 | D:1      | Psyclone the Octopode Venom Mage began the quest for the
                  | Orb.
     0 | D:1      | Reached XP level 1. HP: 11/11 MP: 3/3
    60 | D:1      | Slain by a jackal

Illustrated notes

Levels and vault maps discovered:
D:1:      dpeg_arrival_tiny_k, layout_loops_ring, minmay_hexomino_c4

Action                     || total
---------------------------++-------
  Melee: Mace              ||     3
         Constrict         ||     2
   Cast: Sting             ||     1
 Armour: Skin              ||     1
  Dodge: Dodged            ||     2
